 Dungeon Crawl Stone Soup version 0.31-a0-348-g810772c3d7 (webtiles) character file.

Game seed: 9478025621336884237

9103 Bnni the Martial Artist (level 11, -17/76 HPs)
             Began as an Octopode Shapeshifter on July 23, 2023.
             Was an Initiate of Gozag.
             Demolished by a shadow (23 damage)
             ... on level 10 of the Dungeon.
             The game lasted 00:14:16 (7785 turns).

Bnni the Martial Artist (Octopode Shapeshifter)     Turns: 7785, Time: 00:14:17

Health: -17/76     AC:  9    Str: 14    XL:     11   Next: 41%
Magic:  11/11      EV: 15    Int: 11    God:    Gozag
Gold:   1301       SH:  0    Dex: 29    Spells: 10/10 levels left

rFire   . .          .
                       - Unarmed
rCold   . . .        s - +0 buckler
rNeg    . . .        (helmet currently unavailable)
rPois   .            r - amulet of reflection
rElec   .            i - +6 ring of dexterity
rCorr   .            h - +4 ring of protection
SInv    .            w - +4 ring of protection
Will    .....        o - +6 ring of dexterity
Stlth   ++           (no ring)
HPRegen 0.32/turn    (no ring)
MPRegen 0.12/turn    (no ring)
                     (no ring)

%: reflection
@: confused, beast-form, ambrosia-drunk
A: beast (slay +6), almost no armour, amphibious, 8 rings, camouflage 1,
gelatinous body 1, (nimble swimmer 1), tentacles
a: Begin Untransformation, Renounce Religion, Potion Petition, Call Merchant,
Bribe Branch


You were on level 10 of the Dungeon.
You worshipped Gozag.
Gozag was most pleased with you.
You were a hulking beast.
You visited 2 branches of the dungeon, and saw 11 of its levels.
You also visited: Sewer.

You collected 1411 gold pieces.
You paid 110 gold pieces to Gozag.

Inventory:

Missiles
 u - 19 poisoned darts
Armour
 s - a +0 buckler (worn)
Jewellery
 h - a +4 ring of protection (right tentacle)
 i - a +6 ring of dexterity (left tentacle)
 o - a +6 ring of dexterity (on tentacle)
 r - an amulet of reflection (around mantle)
 w - a +4 ring of protection (on tentacle)
 C - a ring of ice
Talismans
 b - a beast talisman
Wands
 c - a wand of mindburst (7)
 t - a wand of digging (6)
 D - a wand of paralysis (16)
 F - a wand of roots (19)
Scrolls
 f - 3 scrolls of blinking
 g - 5 scrolls of revelation {unknown}
 j - a scroll of vulnerability {unknown}
 k - 5 scrolls of teleportation
 n - 2 scrolls of summoning {unknown}
 p - a scroll of fog
 x - 2 scrolls of brand weapon {unknown}
 y - 3 scrolls of enchant weapon {unknown}
 E - 3 scrolls of immolation {unknown}
 G - 2 scrolls of amnesia {unknown}
Potions
 a - a potion of lignification
 d - a potion of cancellation
 e - 3 potions of magic
 l - 3 potions of ambrosia
 m - 7 potions of curing
 q - a potion of brilliance {unknown}
 v - a potion of attraction {unknown}
 z - a potion of haste {unknown}
 A - 3 potions of might {unknown}
 B - 3 potions of enlightenment {unknown}


   Skills:
 + Level 7.7 Fighting
 + Level 3.2 Dodging
 + Level 3.3 Stealth
 * Level 11.3 Unarmed Combat
 * Level 9.7 Shapeshifting


You had 10 spell levels left.
You didn't know any spells.
Your spell library contained the following spells:

 Spells                   Type           Power      Damage    Failure   Level
 Sandblast                Erth           0%         2d4       43%         1
 Summon Small Mammal      Summ           0%         N/A       43%         1
 Passwall                 Tmut/Erth      0%         N/A       58%         2
 Call Canine Familiar     Summ           0%         N/A       82%         3
 Portal Projectile        Hex/Tloc       0%         N/A       82%         3
 Stone Arrow              Conj/Erth      0%         3d7       82%         3
 Summon Guardian Golem    Hex/Summ       0%         N/A       82%         3
 Tukima's Dance           Hex            0%         N/A       82%         3
 Iskenderun's Mystic Bla  Conj/Tloc      0%         2d3       99%         4
 Malign Gateway           Summ/Tloc      0%         N/A       100%        7
 Summon Horrible Things   Summ           0%         N/A       100%        8


Dungeon Overview and Level Annotations

Branches:
Dungeon (10/15)            Temple (1/1) D:6           Sewer (visited)
   Lair: D:8-11         Orc: D:9-12

Altars:
Ashenzari
Cheibriados
Dithmenos
Elyvilon
Fedhas
Gozag
Hepliaklqana
Kikubaaqudgha
Makhleb
Nemelex Xobeh
Okawaru
Qazlal
Ru
Sif Muna
Trog
Uskayaw
Vehumet
Wu Jian
Xom
Yredelemnul
Zin
The Shining One

Shops:
D:7 (


Innate Abilities, Weirdness & Mutations

You are a hulking beast.
Your limbs bulge with bestial killing power. (Slay +6)
You cannot wear most types of armour.
You are amphibious.
You can wear up to eight rings at the same time.
Your skin changes colour to match your surroundings (Stealth+).
Your rubbery body absorbs attacks. (AC +1, EV +1)
((You are camouflaged when in or above water. (Stealth+)))
You have tentacles for arms and can constrict up to eight enemies at once.


Message History

You bump into the rock wall.
You constrict something.
You bump into the rock wall.
You constrict something. Something hits you! Something bites you!
* * * LOW HITPOINT WARNING * * *
Something draws strength from your injuries!
You bump into the rock wall.
You constrict something. Something hits you but does no damage.
Something bites you.
* * * LOW HITPOINT WARNING * * *
Something draws strength from your injuries!
You're too confused to move!
You feel less invigorated.
The shadow strikes at you from the darkness!
Reactivating autopickup.
The vampire hits you! The vampire barely misses you.
Something hits you but does no damage.
Deactivating autopickup; reactivate with Ctrl-A.
Something bites you!
* * * LOW HITPOINT WARNING * * *
Something draws strength from your injuries!
You are more confused.
You feel invigorated. The shadow hits you. The vampire barely misses you.
The vampire closely misses you. Something hits you.
* * * LOW HITPOINT WARNING * * *
Something bites you.
* * * LOW HITPOINT WARNING * * *
Something draws strength from your injuries!
You bludgeon the shadow!
The shadow is severely damaged.
The shadow slips into darkness.
The shadow flickers and vanishes!
The vampire closely misses you. The vampire bites you.
* * * LOW HITPOINT WARNING * * *
The vampire draws strength from your injuries!
Something hits you but does no damage. Something bites you.
* * * LOW HITPOINT WARNING * * *
Something draws strength from your injuries!
You bump into the rock wall.
The shadow strikes at you from the darkness!
You die...
Your body crumbles into a pile of gold.

#......# #.[....#
#..8...# V.....#
......# #.V...#
########W.)..#
#......#.....#
#....{h#.....#
#.....$V.....#
+......#.....#
########.....#
...........# ##
...........# #.
..........[#########.
...........#.......##
...........#.........


You could see a vampire.

Vanquished Creatures
  The ghost of paps the Covert, a novice OpSh of Gozag (D:7)
  Pikel (D:7)
  2 unseen horror zombies (D:10)
  A kobold demonologist (D:9)
  Prince Ribbit (D:6)
  A meliai zombie (D:10)
  A vampire (D:9)
  3 shadows
  6 wraiths
  4 yaks (D:8)
  2 steam dragons (D:9)
  An acid dragon (D:9)
  2 orc warriors
  Pargi (Sewer)
  A sky beast (D:8)
  2 black bears
  3 centaurs
  5 ogres
  3 phantoms
  3 lemures (D:7)
  3 kobold brigands
  A gnoll sergeant (D:6)
  8 scorpions
  2 bullfrogs
  6 wights
  15 killer bees
  2 centaur zombies (D:10)
  5 hounds
  3 orc priests
  2 gnoll boudas
  Terence (D:2)
  3 sleepcaps
  Natasha (thrice) (D:3)
  6 iguanas
  5 orc wizards
  A howler monkey zombie (D:10)
  12 adders
  6 gnolls
  2 shadow imps
  A white imp (D:3)
  An ufetubus (D:7)
  2 worms
  2 dart slugs
  18 orcs
  13 endoplasms
  A giant cockroach (D:1)
  5 goblins (D:3)
  6 hobgoblins
  A jackal (Sewer)
  7 quokkas
  4 ball pythons
  6 bats
  3 frilled lizards
  17 kobolds
  6 rats
223 creatures vanquished.

Notes
Turn   | Place    | Note
-------+----------+-------------------------------------------
     0 | D:1      | Bnni the Octopode Shapeshifter began the quest for the Orb.
     0 | D:1      | Reached XP level 1. HP: 13/13 MP: 1/1
   167 | D:1      | Reached XP level 2. HP: 18/18 MP: 2/2
   353 | D:1      | Found a faded altar of an unknown god.
   520 | D:2      | Reached XP level 3. HP: 23/23 MP: 3/3
   539 | D:2      | Noticed Terence
   550 | D:2      | Killed Terence
   720 | D:2      | Reached XP level 4. HP: 29/29 MP: 4/4
   981 | D:3      | Reached skill level 4 in Unarmed Combat
  1117 | D:3      | Reached XP level 5. HP: 34/34 MP: 5/5
  1251 | D:3      | Noticed Natasha
  1253 | D:3      | Killed Natasha
  1345 | D:3      | Noticed Natasha
  1351 | D:3      | Killed Natasha
  1367 | D:3      | Found a bloodstained altar of Trog.
  1509 | D:3      | Identified the +1 chain mail "Aggito" {rC- Regen+ MP+9
                  | Int-3}
  1574 | D:3      | Noticed Natasha
  1577 | D:3      | Killed Natasha
  1619 | D:3      | Found an ornate altar of the Wu Jian Council.
  1625 | D:3      | Found a burning altar of Makhleb.
  1630 | D:3      | Found a shadowy altar of Dithmenos.
  1718 | D:4      | Reached XP level 6. HP: 24/41 MP: 6/6
  2049 | D:4      | Reached skill level 5 in Unarmed Combat
  2077 | D:4      | Noticed a black bear
  2079 | D:4      | Killed a black bear
  2129 | D:4      | Reached XP level 7. HP: 46/46 MP: 7/7
  2303 | D:5      | Entered Level 5 of the Dungeon
  2321 | D:5      | Reached skill level 5 in Shapeshifting
  2495 | D:5      | Reached skill level 6 in Unarmed Combat
  2562 | D:5      | Reached XP level 8. HP: 53/54 MP: 8/8
  3111 | D:6      | Reached skill level 7 in Unarmed Combat
  3185 | D:6      | Found a glowing drain.
  3198 | Sewer    | Entered a sewer
  3253 | Sewer    | Noticed Pargi
  3263 | Sewer    | Killed Pargi
  3471 | D:6      | Reached skill level 5 in Fighting
  3471 | D:6      | Reached XP level 9. HP: 54/61 MP: 9/9
  3618 | D:6      | Noticed Prince Ribbit
  3624 | D:6      | Killed Prince Ribbit
  3625 | D:6      | Reached skill level 8 in Unarmed Combat
  3637 | D:6      | Found a staircase to the Ecumenical Temple.
  3647 | Temple   | Entered the Ecumenical Temple
  3656 | Temple   | Became a worshipper of Gozag Ym Sagoz the Greedy
  4306 | D:7      | Noticed Pikel
  4323 | D:7      | Killed Pikel
  4324 | D:7      | Reached skill level 9 in Unarmed Combat
  4438 | D:7      | Found Goinnoh's Weapon Boutique.
  4492 | D:7      | Reached XP level 10. HP: 68/68 MP: 10/10
  4623 | D:7      | You fall into a shaft and drop 1 floor!
  4868 | D:8      | Identified the +1 plate armour "Keodweh" {+Blink rC- Int+4
                  | SInv}
  5033 | D:8      | Reached skill level 10 in Unarmed Combat
  5488 | D:7      | Noticed paps's ghost (novice OpSh)
  5498 | D:7      | Found a transporter.
  5503 | D:7      | Found a transporter.
  5783 | D:7      | Killed paps's ghost
  5992 | D:8      | Identified the +9 falchion "Ox" {venom, Int+4 SInv}
  6371 | D:9      | Noticed a kobold demonologist
  6373 | D:9      | Noticed a soul eater
  6391 | D:9      | Killed a kobold demonologist
  6870 | D:9      | Reached skill level 1 in Stealth
  6870 | D:9      | Reached XP level 11. HP: 75/75 MP: 11/11
  6977 | D:10     | Entered Level 10 of the Dungeon
  7023 | D:10     | Reached skill level 11 in Unarmed Combat
  7784 | D:10     | HP: 3/76 [something (5)]
  7785 | D:10     | Demolished by a shadow

Illustrated notes

Levels and vault maps discovered:
D:1:      erik_arrival_triangle_medium, layout_rooms,
          shapermc_ecumenical_altar_petra
D:2:      layout_rooms, uniq_terence
D:3:      layout_basic, lemuel_crystal_altar, minmay_overflow_temple_star_quad,
          minmay_pentangle, uniq_natasha
D:4:      layout_rooms, corexii_hall_statues_i, chequers_serial_rivers_marsh,
          minmay_misc_feat_ornament
D:5:      layout_loops_cross, wad_floor_pattern_untrapped, minmay_diced_spiral
D:6:      minmay_bubble_buster, layout_loops_cross,
          minmay_temple_entry_stoned_glass, portal_sewer_entry_f,
          small_statue_intersection, nicolae_twisty_statue_hallways,
          uniq_prince_ribbit1
D:7:      layout_cave_pools, gammafunk_ghost_hive, serial_shops,
          nicolae_shop_advertising_works [nicolae_subvault_shop_adworks],
          serial_park_tiny_2, uniq_pikel
D:8:      layout_basic
D:9:      layout_basic
D:10:     layout_gridville, ebering_ghost_funeral_grove, serial_undead,
          serial_undead_d, serial_undead_d, serial_undead_b, serial_undead_c,
          serial_undead_c, serial_undead_a, chequers_arboretum
Temple:   nicolae_temple_two_arcs

Skill      XL: |  1  2  3  4  5  6  7  8  9 10 11 |
---------------+----------------------------------+-----
Fighting       | 2 3 5 6 7 |  7.7
Unarmed Combat | 4 5 6 7 9 10 11 | 11.3
Shapeshifting  | 4 5 6 7 9 |  9.7
Stealth        | 1 3 |  3.3
Dodging        | 3 |  3.2

Action                     |  1- 3 |  4- 6 |  7- 9 | 10-12 || total
---------------------------+-------+-------+-------+-------++-------
  Melee: Unarmed           |    54 |    77 |   174 |   264 ||   569
         Constrict         |    10 |    24 |    42 |    33 ||   109
         Tentacles         |    10 |    23 |    50 |    62 ||   145
         Punch             |     2 |     4 |    11 |    21 ||    38
  Evoke: Wand              |       |     2 |       |     1 ||     3
    Use: Scroll            |       |     8 |       |     2 ||    10
         Potion            |       |       |       |     6 ||     6
   Stab: Sleeping          |     3 |    14 |    13 |     6 ||    36
         Distracted        |       |       |     1 |       ||     1
 Armour: Skin              |     9 |    12 |    23 |   125 ||   169
  Dodge: Dodged            |    36 |    39 |    75 |   113 ||   263
  Block: Buckler           |       |       |    52 |   130 ||   182
         Reflection        |       |       |       |     4 ||     4

Table legend: (Time is in decaauts)
 A = Elapsed time spent in this place.
 B = Non-inter-level travel time spent in this place.
 C = Inter-level travel time spent in this place.
 D = Time resting spent in this place.
 E = Time spent auto-exploring this place.
 F = Levels seen in this place.
 G = Mean time per level.
                   A        B        C        D        E       F      G
               +--------+--------+--------+--------+--------+-----+--------+
         Total |   7762 |   7428 |    334 |    587 |   5392 |  12 |  646.8 |
       Dungeon |   7585 |   7259 |    326 |    587 |   5272 |  10 |  758.5 |
        Temple |     18 |     10 |      8 |      0 |      0 |   1 |   18.0 |
         Sewer |    158 |    158 |      0 |      0 |    120 |   1 |  158.0 |
               +--------+--------+--------+--------+--------+-----+--------+

Top non-repeatable levels by time:
     D:9: 1172 daAuts
     D:8: 1147 daAuts
     D:6: 1031 daAuts
     D:7: 833 daAuts
     D:3: 828 daAuts
     D:5: 771 daAuts
     D:4: 597 daAuts
     D:1: 469 daAuts
     D:2: 401 daAuts
    D:10: 333 daAuts
   Sewer: 158 daAuts
  Temple: 18 daAuts
